 Dungeon Crawl Stone Soup version 0.26-a0-660-gc07710193c (webtiles) character file.

Game seed: 7396343420915293686

3171 polo the Destroyer (level 9, -1/60 HPs)
             Began as an Octopode Conjurer on Oct 5, 2020.
             Was an Initiate of Gozag.
             Slain by a slime creature (19 damage)
             ... on level 9 of the Dungeon.
             The game lasted 00:19:20 (11332 turns).

polo the Destroyer (Octopode Conjurer)             Turns: 11332, Time: 00:19:21

Health: -1/60      AC:  1    Str:  6    XL:     9   Next: 94%
Magic:  21/27      EV: 15    Int: 24    God:    Gozag
Gold:   140        SH:  5    Dex: 10    Spells: 4/20 levels left

rFire    . . .     SeeInvis .   a - +0 lajatang
rCold    . . .     Faith    .   (shield currently unavailable)
rNeg     + . .     Spirit   .   (helmet restricted)
rPois    .         Reflect  +   o - amulet of reflection
rElec    .         Harm     .   u - ring of positive energy
rCorr    .         Rampage  .   q - ring of magical power
MR       +....                  D - ring of protection from magic
Stlth    +++.......             (no ring)
HPRegen  0.20/turn              (no ring)
MPRegen  0.20/turn              (no ring)
                                (no ring)
                                (no ring)

@: no status effects
A: almost no armour, stealthy swim, amphibious, 8 rings, constrict 8, camouflage
1, gelatinous body 1
a: Potion Petition, Call Merchant, Bribe Branch, Renounce Religion


You were on level 9 of the Dungeon.
You worshipped Gozag.
Gozag was aware of your devotion.
You visited 1 branch of the dungeon, and saw 9 of its levels.

You collected 1044 gold pieces.
You spent 280 gold pieces at shops.
You paid 624 gold pieces to Gozag.

Inventory:

Hand Weapons
 a - a +0 lajatang (weapon)
 b - a +4 shortbow
 w - a +4 falchion of draining
Missiles
 f - 104 arrows
Magical Staves
 k - an uncursed staff of air
Jewellery
 o - an amulet of reflection (around mantle)
 q - a ring of magical power (right tentacle)
 u - a ring of positive energy (left tentacle)
 D - a ring of protection from magic (on tentacle)
Wands
 l - a wand of digging (5)
 x - a wand of acid (5)
Scrolls
 c - 3 scrolls of amnesia
 g - a scroll of magic mapping {unknown}
 h - 2 scrolls of teleportation
 p - 2 scrolls of blinking
 r - a scroll of fear {unknown}
 s - 3 scrolls of random uselessness {unknown}
 v - 2 scrolls of enchant weapon
 y - 4 scrolls of enchant armour {unknown}
Potions
 d - 3 potions of lignification
 e - a potion of haste
 i - 3 potions of heal wounds {unknown}
 j - a potion of mutation {unknown}
 m - 3 potions of curing {unknown}
 n - 2 potions of ambrosia {unknown}
 t - a potion of flight {unknown}
 z - a potion of might {unknown}
 A - a potion of invisibility {unknown}
 B - a potion of resistance
 C - a potion of berserk rage {unknown}


   Skills:
 + Level 4.9 Fighting
 + Level 5.4 Dodging
 - Level 2.6 Stealth
 - Level 6.0 Spellcasting
 - Level 10.0 Conjurations
 - Level 2.0 Hexes
 - Level 2.0 Translocations


You had 4 spell levels left.
You knew the following spells:

 Your Spells              Type           Power        Failure   Level
a - Magic Dart            Conj           ####         1%          1
b - Searing Ray           Conj           ######       1%          2
c - Mephitic Cloud        Conj/Pois/Air  ###.....     6%          3
d - Fulminant Prism       Conj/Hex       #####.....   7%          4
e - Iskenderun's Mystic   Conj/Tloc      #####...     7%          4
f - Blink                 Tloc           N/A          5%          2

Your spell library contained the following spells:

 Spells                   Type           Power        Failure   Level
 Dazzling Flash           Conj/Hex       #####.       1%          3
 Conjure Flame            Conj/Fire      ####....     3%          3
 Slow                     Hex            ###.....     5%          2
 Beastly Appendage        Tmut           #.....       8%          1
 Summon Small Mammal      Summ           #...         8%          1
 Call Imp                 Summ           #.......     12%         2
 Wereblood                Tmut           #.......     12%         2
 Summon Guardian Golem    Hex/Summ       ##......     16%         3
 Call Canine Familiar     Summ           #.......     24%         3
 Spider Form              Tmut/Pois      #.........   24%         3
 Ice Form                 Ice/Tmut       #.......     61%         4
 Summon Ice Beast         Ice/Summ       #.......     61%         4
 Summon Lightning Spire   Summ/Air       #.......     61%         4
 Blade Hands              Tmut           #.........   91%         5


Dungeon Overview and Level Annotations

Branches:
Dungeon (9/15)             Temple (0/1) D:7
   Lair: D:8-11         Orc: D:9-12

Altars:
Ashenzari
Cheibriados
Dithmenos
Elyvilon
Gozag
Hepliaklqana
Makhleb
Nemelex Xobeh
Okawaru
Sif Muna
Trog

Shops:
D:5 *   D:7 (   D:9 =

Annotations:
D:3 2 runed translucent doors, kairosrom117's ghost, amateur HaHu
D:4 2 runed translucent doors, GoodGuyCap's ghost, amateur HuNe
D:6 1 runed translucent door, kmckee's ghost, amateur HOMo
D:9 Erica


Innate Abilities, Weirdness & Mutations

You cannot wear most types of armour.
You are very stealthy in the water. (Stealth+)
You are amphibious.
You can wear up to eight rings at the same time.
You can use your tentacles to constrict eight enemies at once.
Your skin changes colour to match your surroundings (Stealth+).
Your rubbery body absorbs attacks. (AC +1, EV +1)


Message History

The searing ray hits the slime creature!
The slime creature is almost dead.
You finish channeling your searing ray.
The slime creature hits you!
a - a +0 lajatang (weapon)
The slime creature hits you!
You hit the slime creature but do no damage.
The slime creature is severely wounded.
The slime creature hits you!
* * * LOW HITPOINT WARNING * * *
Casting: Searing Ray (safe; 1% risk of failure)
Confirm with . or Enter, or press ? or * to list all spells.
Aiming: Searing Ray (safe; 1% risk of failure)
Press: ? - help, Shift-Dir - straight line, f/p - slime creature
Aim: a slime creature (severely wounded)
The searing ray hits the slime creature!
The slime creature is almost dead. (Press . to maintain the ray.)
The slime creature hits you!!
You die...
Your body crumbles into a pile of gold.

...(....#....#<#.# #..#.
........#.#..#.#.# #..##
#.#.#.##.#.# #..#
......#.#[#......###..#
#.....#.#.#..#........# #.
#.....#.#.#..########.#
#.#####.....#.#.#...........#
...........#J#.#........####
#..........#@#.########.#
#..........#.#.# #.#
#..............# #.#
#..####.####.### #.#
#####............###### #.#
.......)###.#.........# #.#
.........##.#.........# #.#
.......#.##...........# #.#
.......#.##...........# #.#


You could see a slime creature.

Vanquished Creatures
  A wyvern (D:8)
  A steam dragon (D:7)
  3 water moccasins (D:8)
  Duvessa (D:7)
  An orc warrior (D:7)
  2 phantoms
  2 sky beasts (D:6)
  A black bear (D:7)
  2 ogres
  A centaur (D:5)
  A big kobold (D:7)
  4 bullfrogs
  A wyvern zombie (D:8)
  Dowan (D:7)
  3 scorpions
  2 howler monkeys
  A crimson imp (D:4)
  2 bullfrog zombies
  2 hounds (D:4)
  2 orc priests
  A centaur skeleton (D:4)
  A jelly (D:8)
  4 orc wizards
  An iguana (D:2)
  Natasha (thrice) (D:2)
  6 worker ants
  2 hound skeletons
  11 gnolls
  8 adders
  2 shadow imps (D:7)
  A white imp (D:7)
  An ooze (D:3)
  6 worms
  5 dart slugs
  4 leopard geckos
  34 orcs
  11 bats
  11 giant cockroaches
  5 hobgoblins
  7 jackals
  11 kobolds
  4 quokkas
  4 frilled lizards
  3 goblins
  A jackal skeleton (D:4)
  A leopard gecko skeleton (D:4)
  8 rats
190 creatures vanquished.

Vanquished Creatures (others)
  6 fulminant prisms
  2 withered plants (D:6)
8 creatures vanquished.

Grand Total: 198 creatures vanquished

Notes
Turn   | Place    | Note
-------+----------+-------------------------------------------
     0 | D:1      | polo the Octopode Conjurer began the quest for the Orb.
     0 | D:1      | Reached XP level 1. HP: 11/11 MP: 3/3
   317 | D:1      | Reached XP level 2. HP: 11/17 MP: 5/5
   466 | D:1      | Learned a level 2 spell: Searing Ray
   677 | D:1      | Reached XP level 3. HP: 21/21 MP: 1/6
  1761 | D:2      | Noticed Natasha
  1768 | D:2      | Killed Natasha
  1768 | D:2      | Reached skill level 5 in Conjurations
  1768 | D:2      | Reached XP level 4. HP: 27/27 MP: 3/8
  1774 | D:2      | Learned a level 4 spell: Iskenderun's Mystic Blast
  1790 | D:2      | Noticed Natasha
  1797 | D:2      | Killed Natasha
  1847 | D:2      | Noticed Natasha
  1854 | D:2      | Killed Natasha
  1854 | D:2      | Reached XP level 5. HP: 31/31 MP: 6/9
  1905 | D:2      | Found a faded altar of an unknown god.
  2034 | D:2      | Found a snail-covered altar of Cheibriados.
  2183 | D:2      | Found a sparkling altar of Nemelex Xobeh.
  2277 | D:2      | Reached skill level 6 in Conjurations
  2325 | D:2      | Found a shimmering blue altar of Sif Muna.
  3064 | D:3      | Reached XP level 6. HP: 35/36 MP: 7/11
  3131 | D:2      | Learned a level 3 spell: Mephitic Cloud
  3621 | D:3      | Noticed a shadow
  3623 | D:3      | Found a shadowy altar of Dithmenos.
  3651 | D:3      | Found a runed translucent door.
  3659 | D:3      | Noticed kairosrom117's ghost (amateur HaHu)
  3901 | D:3      | Found a hazy altar of Hepliaklqana.
  3926 | D:3      | Found a runed translucent door.
  3936 | D:3      | Noticed a moth of wrath
  3939 | D:3      | Found a bloodstained altar of Trog.
  4302 | D:4      | Reached skill level 7 in Conjurations
  4335 | D:4      | Found a white marble altar of Elyvilon.
  4347 | D:4      | Reached XP level 7. HP: 41/41 MP: 10/13
  5208 | D:4      | Got a polished quarterstaff
  5209 | D:4      | Identified the cursed +1 quarterstaff "X" {venom, *Noise
                  | rF+ rN+} (You found it on level 4 of the Dungeon)
  5245 | D:4      | Found a large runed translucent door.
  5245 | D:4      | Found a large runed translucent door.
  5246 | D:4      | Noticed GoodGuyCap's ghost (amateur HuNe)
  5249 | D:4      | Found a burning altar of Makhleb.
  5296 | D:4      | Learned a level 4 spell: Fulminant Prism
  5303 | D:4      | Found an iron altar of Okawaru.
  5452 | D:5      | Entered Level 5 of the Dungeon
  5565 | D:5      | Reached skill level 8 in Conjurations
  6038 | D:5      | Found Ewnuec's General Store.
  6362 | D:6      | Found a broken altar of Ashenzari.
  6527 | D:6      | Reached XP level 8. HP: 44/47 MP: 12/15
  6598 | D:6      | Reached skill level 1 in Fighting
  6598 | D:6      | Reached skill level 5 in Spellcasting
  6625 | D:6      | Found an opulent altar of Gozag.
  6631 | D:6      | Became a worshipper of Gozag Ym Sagoz the Greedy
  6839 | D:6      | Found a runed translucent door.
  6959 | D:6      | Noticed kmckee's ghost (amateur HOMo)
  7705 | D:7      | Reached skill level 9 in Conjurations
  7838 | D:7      | Noticed Duvessa
  7844 | D:7      | Learned a level 2 spell: Blink
  7845 | D:7      | Noticed Dowan
  7870 | D:7      | Killed Duvessa
  7870 | D:7      | Reached XP level 9. HP: 37/55 MP: 8/17
  7876 | D:7      | Killed Dowan
  7876 | D:7      | Reached skill level 1 in Hexes
  7876 | D:7      | Reached skill level 1 in Translocations
  8037 | D:7      | Found Jelemy's Antique Weapon Boutique.
  8365 | D:7      | Found a staircase to the Ecumenical Temple.
  9592 | D:8      | Found a transporter.
 10071 | D:8      | Reached skill level 10 in Conjurations
 10238 | D:8      | Found a transporter.
 10324 | D:8      | HP: 2/58 [water moccasin (7)]
 10334 | D:8      | Reached skill level 5 in Dodging
 10688 | D:9      | Noticed Erica
 10875 | D:9      | Bought an uncursed ring of magical power for 280 gold
                  | pieces
 11332 | D:9      | Slain by a slime creature

Illustrated notes

Levels and vault maps discovered:
D:1:      lightli_arrival_flooded_house, layout_loops_ring,
          roderic_cross_of_infinity, minmay_hexomino_p4
D:2:      layout_basic, lemuel_coloured_pillars_altar, kennysheep_slug_shrine,
          chequers_ecumenical_altar_simple, nemelex_spade_bored_becter,
          uniq_natasha
D:3:      layout_loops_ring, riverfiend_overflow_shadow_ancestor, tgw_trog,
          ebering_ghost_sewer_f, minmay_misc_feat_more_columns,
          mrwooster_statue_mirror, minmay_misc_feat_enclosed,
          chequers_serial_rivers_micro_b
D:4:      layout_layer_cave, nicolae_overflow_crystal_walls, kennysheep_mini,
          makhleb_grotto_becter, ebering_ghost_disaster_area
D:5:      layout_loops_ring, serial_shops, nicolae_shop_waterfront
D:6:      layout_basic, overflow_temple_1_default, gammafunk_ghost_grave,
          nicolae_gozag_cash_rules_everything_around_me
D:7:      layout_basic, minmay_temple_entry_offerings, serial_shops, shop,
          wad_floor_pattern_1, st_stairs_2, uniq_duvessa
D:8:      gammafunk_cloud_chamber, layout_loops_ring, minmay_crystal_room
D:9:      layout_basic, chequers_temple_overflow_statue_of_worship, uniq_erica

Skill      XL: |  1  2  3  4  5  6  7  8  9 |
---------------+----------------------------+-----
Conjurations   | 5 6 7 8 9 10 | 10.0
Spellcasting   | 3 4 5 6 |  6.0
Fighting       | 2 4 |  4.9
Dodging        | 3 5 |  5.4
Hexes          | 2 |  2.0
Translocations | 2 |  2.0
Stealth        | |  2.6

Action                   |  1- 3 |  4- 6 |  7- 9 || total
-------------------------+-------+-------+-------++-------
Melee: Unarmed           |    83 |    23 |       ||   106
       Constrict         |    22 |    12 |    12 ||    46
       Tentacles         |     9 |     5 |     8 ||    22
       Falchion          |       |    17 |    35 ||    52
       Lajatang          |       |       |    13 ||    13
 Fire: Shortbow          |       |       |   160 ||   160
 Cast: Magic Dart        |    24 |    48 |     1 ||    73
       Searing Ray       |     2 |    16 |    38 ||    56
       Fulminant Prism   |       |       |     6 ||     6
       Iskenderun's Myst |       |       |     3 ||     3
       Mephitic Cloud    |       |       |     2 ||     2
Invok: Call Merchant     |       |       |     1 ||     1
  Use: Scroll            |       |     9 |     3 ||    12
       Potion            |       |       |     1 ||     1
 Stab: Sleeping          |     5 |     2 |     1 ||     8
       Distracted        |       |       |     1 ||     1
Armor: Skin              |    23 |     1 |     5 ||    29
Dodge: Dodged            |    83 |    35 |    82 ||   200
Block: Other             |    16 |    15 |    35 ||    66
       Reflection        |     1 |     3 |     5 ||     9
       Rpst.: Falchion   |       |     6 |     5 ||    11

Table legend: (Time is in decaauts)
 A = Elapsed time spent in this place.
 B = Non-inter-level travel time spent in this place.
 C = Inter-level travel time spent in this place.
 D = Time resting spent in this place.
 E = Time spent auto-exploring this place.
 F = Levels seen in this place.
 G = Mean time per level.
                   A        B        C        D        E       F      G
               +--------+--------+--------+--------+--------+-----+--------+
         Total |  11393 |  10852 |    541 |   1446 |   8005 |   9 | 1265.9 |
       Dungeon |  11393 |  10852 |    541 |   1446 |   8005 |   9 | 1265.9 |
               +--------+--------+--------+--------+--------+-----+--------+

Top non-repeatable levels by time:
     D:1: 1629 daAuts
     D:8: 1570 daAuts
     D:7: 1529 daAuts
     D:2: 1508 daAuts
     D:6: 1296 daAuts
     D:4: 1294 daAuts
     D:3: 1252 daAuts
     D:5: 688 daAuts
     D:9: 623 daAuts
